 Dungeon Crawl Stone Soup version 0.31.0 (webtiles) character file.

Game seed: 3062395517398416843

49 qw the Shooter (level 3, -1/22 HPs)
             Began as a Gargoyle Hunter on Jan 20, 2024.
             Incinerated by a bombardier beetle (5 damage)
             ... with a burning spray
             ... on level 3 of the Dungeon.
             The game lasted 00:00:05 (1817 turns).

qw the Shooter (Gargoyle Hunter)                    Turns: 1817, Time: 00:00:06

Health: -1/22      AC: 16    Str: 14    XL:     3   Next: 77%
Magic:  3/3        EV: 10    Int:  9    God:
Gold:   144        SH:  0    Dex: 15    Spells: 2/2 levels left

rFire   . . .        a - +3 shortbow
rCold   . . .        (shield currently unavailable)
rNeg    + . .        d - +0 ring mail
rPois   inf          (no helmet)
rElec   +            (no cloak)
rCorr   .            (no gloves)
SInv    +            (no boots)
Will    .....        (no amulet)
Stlth   +            e - +4 ring of protection
HPRegen 0.23/turn    (no ring)
MPRegen 0.08/turn

%: no passive effects
@: on fire, glowing
A: sickness immunity, AC +3, negative energy resistance 1, electricity
resistance, torment resistance 1, petrification resistance, iridescent scales 2,
see invisible, MP-powered wands
a: no special abilities


You were on level 3 of the Dungeon.
You visited 1 branch of the dungeon, and saw 3 of its levels.

You collected 144 gold pieces.


Innate Abilities, Weirdness & Mutations

You are immune to sickness and miasma.
Your stone body is resilient. (AC +3)
You are immune to poison.
You resist negative energy. (rN+)
You are resistant to electric shocks. (rElec)
You are resistant to unholy torment.
You are immune to petrification.
You are mostly covered in iridescent scales. (AC +4)
You have supernaturally acute eyesight. (SInv)
You expend magic power (3 MP) to strengthen your wands.


   Skills:
 + Level 2.7 Fighting
 - Level 5.0 Ranged Weapons
 - Level 1.0 Armour
 - Level 1.5 Dodging
 - Level 1.1 Stealth


You had 2 spell levels left.
You didn't know any spells.
Your spell library was empty.

Inventory:

Hand Weapons
 a - a +3 shortbow (weapon)
Armour
 d - a +0 ring mail (worn)
Jewellery
 b - an amulet of magic regeneration
 e - a +4 ring of protection (left hand)
Wands
 c - a wand of acid (12)
Potions
 i - a potion of mutation
 l - a potion of curing

Dungeon Overview and Level Annotations

Branches:
Dungeon (3/15)

Altars:


Message History

The burning spray hits you.
You are covered in liquid fire!
You shoot an arrow.
The arrow hits the jackal but does no damage.
The jackal is moderately wounded.
The liquid fire burns you! The jackal barely misses you.
The jackal bites you but does no damage.
You shoot an arrow. The arrow hits the jackal.
The jackal is heavily wounded.
The liquid fire burns you!
The jackal bites you but does no damage.
The jackal barely misses you.
You shoot an arrow. The arrow barely misses the jackal.
The liquid fire burns you! The jackal closely misses you.
The jackal bites you but does no damage.
1813 ||| DRINKING potion of heal wounds.
You feel much better. The liquid fire burns you! The jackal barely misses you.
The bombardier beetle bites you but does no damage.
You shoot an arrow. The arrow barely misses the jackal.
The liquid fire burns you!
The jackal bites you but does no damage.
The jackal closely misses you.
You shoot an arrow.
The arrow hits the jackal but does no damage.
The jackal is heavily wounded.
The liquid fire burns you!
The jackal bites you but does no damage.
The bombardier beetle bites you but does no damage.
The jackal bites you.
You shoot an arrow. The arrow misses the jackal.
The liquid fire burns you! The jackal bites you.
The bombardier beetle misses you.
You shoot an arrow. The arrow hits the jackal.
You kill the jackal!
The liquid fire burns you!
You die...

####..................
.................##...
###...................
#.#.#.........#.######..
.............#... ..
#####.........#..## .
.............##..#
######..###......# #.@#
#.####.# #..B...... .#
..#........
....####.##.. ...%.. #.#
...... # ..... |...


You could see a bombardier beetle.

Vanquished Creatures
  An adder (D:2)
  A dart slug (D:1)
  4 ball pythons (D:1)
  3 endoplasms (D:1)
  A giant cockroach (D:1)
  2 goblins
  3 hobgoblins
  7 jackals
  5 kobolds
  2 bats (D:1)
  A frilled lizard (D:2)
  8 rats
38 creatures vanquished.

Notes
Turn   | Place    | Note
-------+----------+-------------------------------------------
     0 | D:1      | qw the Gargoyle Hunter began the quest for the Orb.
     0 | D:1      | Reached XP level 1. HP: 12/12 MP: 1/1
     0 | D:1      | 0 ||| qw: Version: 0.3-a-132-g3d54051
     0 | D:1      | 0 ||| qw: Game counter: 439
     0 | D:1      | 0 ||| qw: Melee chars always use a shield: true
     0 | D:1      | 0 ||| qw: God list: Okawaru
     0 | D:1      | 0 ||| qw: Allow faded altars: false
     0 | D:1      | 0 ||| qw: Do Orc after clearing Dungeon:15 true
     0 | D:1      | 0 ||| qw: Do second Lair branch before Depths: true
     0 | D:1      | 0 ||| qw: Lair rune preference: random
     0 | D:1      | 0 ||| qw: Goals: Normal
     0 | D:1      | 0 ||| PLANNING D:1-11
   131 | D:1      | Reached XP level 2. HP: 17/17 MP: 2/2
   475 | D:1      | Reached XP level 3. HP: 20/21 MP: 3/3
   649 | D:1      | Reached skill level 5 in Ranged Weapons
   935 | D:1      | 935 ||| UPGRADING to +0 ring mail.
   945 | D:1      | 945 ||| DROPPING +0 leather armour.
   946 | D:1      | 946 ||| UPGRADING to +4 ring of protection.
   947 | D:1      | 947 ||| READING scroll labelled SUVUSTE UCVYIKK.
   948 | D:1      | 948 ||| READING scroll labelled XEXIECL VU XEJ.
   949 | D:1      | 949 ||| READING scroll labelled YGEAWK LAED MIL.
  1050 | D:1      | 1050 ||| READING scroll labelled CAKHOA AMYA.
  1050 | D:1      | 1050 ||| ENCHANTING +0 shortbow.
  1051 | D:1      | 1051 ||| DRINKING 2 orange potions.
  1051 | D:1      | Gained mutation: You expend magic power (3 MP) to
                  | strengthen your wands. [potion of mutation]
  1051 | D:1      | Gained mutation: You are partially covered in iridescent
                  | scales. (AC +2) [potion of mutation]
  1051 | D:1      | Gained mutation: You have supernaturally acute eyesight.
                  | (SInv) [potion of mutation]
  1051 | D:1      | Gained mutation: You are mostly covered in iridescent
                  | scales. (AC +4) [potion of mutation]
  1052 | D:1      | 1052 ||| DROPPING scroll of butterflies.
  1347 | D:2      | 1347 ||| READING scroll of enchant weapon.
  1347 | D:2      | 1347 ||| ENCHANTING +1 shortbow.
  1447 | D:2      | Reached skill level 1 in Armour
  1493 | D:2      | 1493 ||| READING scroll of enchant weapon.
  1493 | D:2      | 1493 ||| ENCHANTING +2 shortbow.
  1751 | D:2      | 1751 ||| READING scroll labelled DERUCO UTICHI.
  1751 | D:2      | 1751 ||| IDENTIFYING silvery potion
  1752 | D:2      | 1752 ||| DRINKING 2 smoky pink potions.
  1753 | D:2      | 1753 ||| DRINKING 2 emerald potions.
  1754 | D:2      | 1754 ||| DROPPING potion of brilliance.
  1812 | D:3      | HP: 5/22 [burnt (7)]
  1813 | D:3      | 1813 ||| DRINKING potion of heal wounds.
  1817 | D:3      | Incinerated by a bombardier beetle

Levels and vault maps discovered:
D:1:      wheals_arrival_linesprint, layout_basic
D:2:      layout_basic, nicolae_figureground_sparkle
D:3:      layout_basic, hangedman_glass_teeth, kennysheep_small_spiral

Skill      XL: |  1  2  3 |
---------------+----------+-----
Ranged Weapons | 5 |  5.0
Armour         | 1 |  1.0
Fighting       | |  2.7
Dodging        | |  1.5
Stealth        | |  1.1

Action                     || total
---------------------------++-------
   Fire: Shortbow          ||   125
    Use: Scroll            ||     7
         Potion            ||     4
 Armour: Leather armour    ||    14
         Ring mail         ||    22
  Dodge: Dodged            ||    27

Table legend:
 A = Non-vault XP
 B = Vault XP
 C = Vault XP percentage of total XP
 D = Non-vault monster count
 E = Vault monster count
 F = Vault count percentage of total count
                 A         B        C        D         E       F
            +---------+---------+-------+---------+---------+-------
      Total |      73 |       0 |   0.0 |      38 |       0 |   0.0
            +---------+---------+-------+---------+---------+-------
        D:1 |      39 |       0 |   0.0 |      23 |       0 |   0.0
        D:2 |      26 |       0 |   0.0 |      11 |       0 |   0.0
        D:3 |       8 |       0 |   0.0 |       4 |       0 |   0.0
            +---------+---------+-------+---------+---------+-------
